NCAA
NOTRE DAME FIGHTING IRISH @ KANSAS STATE WILDCATS
05/06/2024
 
TOP OF THE 1ST
Notre Dame Fighting Irish batting - Pitching for Kansas State Wildcats : RHP Wiley Chandler
Pitching: RHP Wiley Chandler
Batting: RHB António Muńóz 0-0: Swinging Strike
0-1: Ball
1-1: Ball
2-1: SINGLE (Line Drive, 7S)
Batting: SHB Joe Gallagher 0-0: Called Strike
0-1: Ball
1-1: Foul Ball, location: 2F
1-2: Strikes out swinging
Batting: RHB Doug Coleman 0-0: Foul Ball, location: 2F
0-1: Fly out, F8 (Flyball, 8RM)
Batting: LHB George Smith 0-0: Foul Ball, location: 2F
0-1: Ball
1-1: Ball
2-1: Ball
Single, Error in OF, E8, batter to second base
António Muńóz to third
Batting: RHB Tony Parker 0-0: Called Strike
0-1: Ball
1-1: Called Strike
1-2: Strikes out looking
Top of the 1st over - 0 run(s), 2 hit(s), 1 error(s), 2 left on base; Notre Dame 0 - Kansas State 0
BOTTOM OF THE 1ST
Kansas State Wildcats batting - Pitching for Notre Dame Fighting Irish : RHP Roy Mitchell
Pitching: RHP Roy Mitchell
Batting: RHB Bill Jordan 0-0: Called Strike
0-1: Called Strike
0-2: Strikes out looking
Batting: SHB Don Pittman 0-0: Called Strike
0-1: Called Strike
0-2: Ground out 1-3 (Groundball, 23)
Batting: LHB Tony Smith 0-0: Ball
1-0: Called Strike
1-1: Swinging Strike
1-2: Strikes out swinging
Bottom of the 1st over - 0 run(s), 0 hit(s), 0 error(s), 0 left on base; Notre Dame 0 - Kansas State 0
TOP OF THE 2ND
Notre Dame Fighting Irish batting - Pitching for Kansas State Wildcats : RHP Wiley Chandler
Batting: SHB Forest Cruz 0-0: Ball
1-0: Foul Ball, location: 2F
1-1: Ball
2-1: Ball
3-1: Base on Balls
Batting: RHB Carlos Gómez 0-0: Fly out, F6 (Line Drive, 6)
Batting: RHB Ron Walters 0-0: Ball
1-0: Called Strike
1-1: Called Strike
1-2: Strikes out swinging
Batting: RHB Ralph Gentry 0-0: Called Strike
0-1: DOUBLE (Line Drive, 8LM)
Forest Cruz to third
Batting: RHB António Muńóz 0-0: Ball
1-0: Fly out, F9 (Flyball, 89S)
Top of the 2nd over - 0 run(s), 1 hit(s), 0 error(s), 2 left on base; Notre Dame 0 - Kansas State 0
BOTTOM OF THE 2ND
Kansas State Wildcats batting - Pitching for Notre Dame Fighting Irish : RHP Roy Mitchell
Batting: LHB Kyle Harrison 0-0: Fly out, F8 (Flyball, 78M)
Batting: LHB Juan Cuervo 0-0: Called Strike
0-1: Ball
1-1: Ball
2-1: Swinging Strike
2-2: Strikes out looking
Batting: LHB José Rodríguez 0-0: Swinging Strike
0-1: Ball
1-1: SINGLE (Line Drive, 34S)
Batting: RHB David Hernández 0-0: Ball
1-0: SINGLE (Line Drive, 6D)
José Rodríguez to second
Batting: RHB John Wilson 0-0: Called Strike
0-1: Fly out, F8 (Flyball, 78D)
Bottom of the 2nd over - 0 run(s), 2 hit(s), 0 error(s), 2 left on base; Notre Dame 0 - Kansas State 0
TOP OF THE 3RD
Notre Dame Fighting Irish batting - Pitching for Kansas State Wildcats : RHP Wiley Chandler
Batting: SHB Joe Gallagher 0-0: Ball
1-0: Ball
2-0: Called Strike
2-1: Ground out 4-3 (Groundball, 4M)
Batting: RHB Doug Coleman 0-0: SINGLE (Groundball, 56D) (infield hit)
Batting: LHB George Smith 0-0: Ball
1-0: Ball
2-0: SINGLE (Groundball, 4MD)
Doug Coleman to second
Batting: RHB Tony Parker 0-0: Called Strike
0-1: Ground out U3 (Groundball, 3S)
Doug Coleman to third
George Smith to second
Batting: SHB Forest Cruz 0-0: Called Strike
0-1: Called Strike
0-2: Ball
1-2: Ball
2-2: Strikes out swinging
Top of the 3rd over - 0 run(s), 2 hit(s), 0 error(s), 2 left on base; Notre Dame 0 - Kansas State 0
BOTTOM OF THE 3RD
Kansas State Wildcats batting - Pitching for Notre Dame Fighting Irish : RHP Roy Mitchell
Batting: RHB Andrew Deal 0-0: Swinging Strike
0-1: Ground out 1-3 (Groundball, 25)
Batting: RHB Bill Jordan 0-0: Called Strike
0-1: Called Strike
0-2: Foul Ball, location: 2F
0-2: Foul Ball, location: 2F
0-2: Ball
1-2: Strikes out swinging
Batting: SHB Don Pittman 0-0: Foul Ball, location: 2F
0-1: Called Strike
0-2: Foul Ball, location: 2F
0-2: Foul Ball, location: 2F
0-2: Foul Ball, location: 2F
0-2: Ball
1-2: Strikes out swinging
Bottom of the 3rd over - 0 run(s), 0 hit(s), 0 error(s), 0 left on base; Notre Dame 0 - Kansas State 0
TOP OF THE 4TH
Notre Dame Fighting Irish batting - Pitching for Kansas State Wildcats : RHP Wiley Chandler
Batting: RHB Carlos Gómez 0-0: Hit by Pitch
Batting: RHB Ron Walters 0-0: Called Strike
0-1: Ball
1-1: Swinging Strike
1-2: Foul Ball, location: 2F
1-2: Strikes out swinging
Batting: RHB Ralph Gentry 0-0: Ball
1-0: Ball
Carlos Gómez steals 2nd base
2-0: Ball
3-0: Swinging Strike
3-1: Base on Balls
Batting: RHB António Muńóz 0-0: Fielders Choice at 2nd, 4-6 (Groundball, 4M)
Carlos Gómez to third
Batting: SHB Joe Gallagher 0-0: Ball
1-0: Fly out, F7 (Flyball, 78M)
Top of the 4th over - 0 run(s), 0 hit(s), 0 error(s), 2 left on base; Notre Dame 0 - Kansas State 0
BOTTOM OF THE 4TH
Kansas State Wildcats batting - Pitching for Notre Dame Fighting Irish : RHP Roy Mitchell
Batting: LHB Tony Smith 0-0: Called Strike
0-1: Ball
1-1: Foul Ball, location: 2F
1-2: Ball
2-2: Ground out 6-3 (Groundball, 6M)
Batting: LHB Kyle Harrison 0-0: Ball
1-0: Ball
2-0: Called Strike
2-1: Ball
3-1: DOUBLE (Line Drive, 3D)
Batting: LHB Juan Cuervo 0-0: Ball
1-0: Ground out 4-3 (Groundball, 34)
Kyle Harrison to third
Batting: LHB José Rodríguez 0-0: Ball
Wild Pitch!
Kyle Harrison scores
1-0: Ball
2-0: Ball
3-0: Base on Balls
Batting: RHB David Hernández 0-0: Ball
1-0: 2-RUN HOME RUN (Flyball, 7D), Distance : 356 ft
Batting: RHB John Wilson 0-0: Ball
1-0: Ball
2-0: Called Strike
2-1: Ball
3-1: Fly out, F6 (Popup, 6D)
Bottom of the 4th over - 3 run(s), 2 hit(s), 0 error(s), 0 left on base; Notre Dame 0 - Kansas State 3
TOP OF THE 5TH
Notre Dame Fighting Irish batting - Pitching for Kansas State Wildcats : RHP Wiley Chandler
Batting: RHB Doug Coleman 0-0: Ball
1-0: SINGLE (Line Drive, 56D)
Batting: LHB George Smith 0-0: Called Strike
0-1: Ball
1-1: Foul Ball, location: 2F
1-2: Ball
2-2: Foul Ball, location: 2F
2-2: Ball
3-2: Base on Balls
Doug Coleman to second
Batting: RHB Tony Parker 0-0: Ball
1-0: Ball
2-0: Ball
3-0: Base on Balls
Doug Coleman to third
George Smith to second
Batting: SHB Forest Cruz 0-0: Foul Ball, location: 2F
0-1: Ball
1-1: Ball
2-1: Foul Ball, location: 2F
2-2: Foul Ball, location: 2F
2-2: Ball
3-2: Base on Balls
Doug Coleman scores
George Smith to third
Tony Parker to second
Pitching: LHP José Rivera
Batting: RHB Carlos Gómez 0-0: Ball
1-0: Called Strike
1-1: Ball
2-1: Swinging Strike
2-2: Foul Ball, location: 2F
2-2: Foul Ball, location: 2F
2-2: Strikes out looking
Batting: RHB Ron Walters 0-0: Foul Ball, location: 2F
0-1: Grounds into double play, U6-3 (Groundball, 6)
Top of the 5th over - 1 run(s), 1 hit(s), 0 error(s), 2 left on base; Notre Dame 1 - Kansas State 3
BOTTOM OF THE 5TH
Kansas State Wildcats batting - Pitching for Notre Dame Fighting Irish : RHP Roy Mitchell
Batting: RHB Andrew Deal 0-0: Called Strike
Single, Error in OF, E8, batter to second base
Batting: RHB Bill Jordan 0-0: Ball
1-0: Ball
2-0: Called Strike
2-1: Foul Ball, location: 2F
2-2: Foul Ball, location: 2F
2-2: Strikes out swinging
Batting: SHB Don Pittman 0-0: Fly out, F9 (Flyball, 9M)
Batting: LHB Tony Smith 0-0: Ball
1-0: Called Strike
1-1: Foul Ball, location: 2F
1-2: Foul Ball, location: 2F
1-2: Ground out 6-3 (Groundball, 6M)
Bottom of the 5th over - 0 run(s), 1 hit(s), 1 error(s), 1 left on base; Notre Dame 1 - Kansas State 3
TOP OF THE 6TH
Notre Dame Fighting Irish batting - Pitching for Kansas State Wildcats : LHP José Rivera
Batting: RHB Ralph Gentry 0-0: Called Strike
0-1: Foul Ball, location: 2F
0-2: Ball
1-2: Foul Ball, location: 2F
1-2: Ball
2-2: Ball
3-2: Strikes out swinging
Batting: RHB António Muńóz 0-0: Ball
1-0: Ground out 6-3 (Groundball, 6M)
Batting: SHB Joe Gallagher 0-0: Ball
1-0: Called Strike
1-1: Ball
2-1: Fly out, F8 (Flyball, 89XD)
Top of the 6th over - 0 run(s), 0 hit(s), 0 error(s), 0 left on base; Notre Dame 1 - Kansas State 3
BOTTOM OF THE 6TH
Kansas State Wildcats batting - Pitching for Notre Dame Fighting Irish : RHP Roy Mitchell
Batting: LHB Kyle Harrison 0-0: Ball
1-0: Foul Ball, location: 2F
1-1: Foul Ball, location: 2F
1-2: Foul Ball, location: 2F
1-2: Ball
2-2: SINGLE (Line Drive, 78M)
Pitching: RHP Dax Campbell
Batting: LHB Juan Cuervo 0-0: Ball
1-0: Foul Ball, location: 2F
1-1: Called Strike
1-2: Ball
2-2: Foul Ball, location: 2F
2-2: Ball
3-2: Base on Balls
Kyle Harrison to second
Batting: LHB José Rodríguez 0-0: Called Strike
0-1: Called Strike
0-2: Ball
1-2: Ball
2-2: Ball
3-2: DOUBLE (Line Drive, 8RXD)
Kyle Harrison scores
Juan Cuervo to third
Batting: RHB David Hernández 0-0: Intentional Walk
Batting: RHB John Wilson 0-0: Called Strike
0-1: Ball
1-1: Called Strike
1-2: Fly out, F8 (Flyball, 8LXD)
Runner from 3rd tags up, SCORES, no throw
José Rodríguez to third
Batting: RHB Andrew Deal 0-0: SINGLE (Line Drive, 6MD)
José Rodríguez scores
David Hernández to second
Batting: RHB Bill Jordan 0-0: SINGLE (Line Drive, 89S)
David Hernández to third
Andrew Deal to second
Runner from 3rd tries for Home, SAFE, throw made home
Andrew Deal to third
Bill Jordan to second
Batting: SHB Don Pittman 0-0: Ball
1-0: Swinging Strike
1-1: Ball
2-1: Foul Ball, location: 2F
2-2: Strikes out swinging
Batting: LHB Tony Smith 0-0: Ball
1-0: Foul Ball, location: 2F
1-1: Fly out, F5 (Popup, 5F)
Bottom of the 6th over - 4 run(s), 4 hit(s), 0 error(s), 2 left on base; Notre Dame 1 - Kansas State 7
TOP OF THE 7TH
Notre Dame Fighting Irish batting - Pitching for Kansas State Wildcats : LHP José Rivera
Pitching: LHP Sam Foster
Batting: RHB Doug Coleman 0-0: Foul Ball, location: 2F
0-1: Called Strike
0-2: Foul Ball, location: 2F
0-2: Ball
1-2: Foul Ball, location: 2F
1-2: SINGLE (Line Drive, 56D)
Batting: LHB George Smith 0-0: Ball
1-0: Ball
2-0: Ball
3-0: Called Strike
3-1: Base on Balls
Doug Coleman to second
Batting: RHB Tony Parker 0-0: Ball
1-0: Called Strike
1-1: Ball
2-1: Ball
3-1: Foul Ball, location: 2F
3-2: Base on Balls
Doug Coleman to third
George Smith to second
Batting: SHB Forest Cruz 0-0: Ball
1-0: Foul Ball, location: 2F
1-1: Fly out, F4 (Popup, 3DF)
Batting: RHB Carlos Gómez 0-0: Ground out 3-1 (Groundball, 34)
Doug Coleman scores
George Smith to third
Tony Parker to second
Batting: RHB Ron Walters 0-0: Ground out 1-3 (Groundball, 34S)
Top of the 7th over - 1 run(s), 1 hit(s), 0 error(s), 2 left on base; Notre Dame 2 - Kansas State 7
BOTTOM OF THE 7TH
Kansas State Wildcats batting - Pitching for Notre Dame Fighting Irish : RHP Dax Campbell
Pitching: RHP Javier Ayala
Batting: LHB Kyle Harrison 0-0: Called Strike
0-1: Foul Ball, location: 2F
0-2: Strikes out swinging
Batting: LHB Juan Cuervo 0-0: Ball
1-0: Ball
2-0: Called Strike
2-1: Ground out 4-3 (Groundball, 4M)
Batting: LHB José Rodríguez 0-0: Called Strike
0-1: Ball
1-1: Ball
2-1: Ball
3-1: Base on Balls
Batting: RHB David Hernández 0-0: Ball
José Rodríguez steals 2nd base
1-0: Fly out, F4 (Popup, 4MS)
Bottom of the 7th over - 0 run(s), 0 hit(s), 0 error(s), 1 left on base; Notre Dame 2 - Kansas State 7
TOP OF THE 8TH
Notre Dame Fighting Irish batting - Pitching for Kansas State Wildcats : LHP Sam Foster
Now in RF: Bobby Hinkle
Batting: RHB Ralph Gentry 0-0: Called Strike
0-1: Ground out U3 (Groundball, 3)
Batting: RHB António Muńóz 0-0: Called Strike
0-1: Ball
1-1: Ball
2-1: Bunt for hit - play at first, batter OUT! 1-3
Batting: SHB Joe Gallagher 0-0: Ball
1-0: Ball
2-0: Called Strike
2-1: Fly out, F8 (Flyball, 8LM)
Top of the 8th over - 0 run(s), 0 hit(s), 0 error(s), 0 left on base; Notre Dame 2 - Kansas State 7
BOTTOM OF THE 8TH
Kansas State Wildcats batting - Pitching for Notre Dame Fighting Irish : RHP Javier Ayala
Batting: RHB John Wilson 0-0: Ball
1-0: Ball
2-0: Foul Ball, location: 2F
2-1: Foul Ball, location: 2F
2-2: Foul Ball, location: 2F
2-2: Ground out 5-3 (Groundball, 56)
Batting: RHB Andrew Deal 0-0: Ground out 4-3 (Groundball, 4M)
Batting: RHB Bill Jordan 0-0: Ball
1-0: Ball
2-0: Ball
3-0: Base on Balls
Batting: SHB Don Pittman 0-0: Called Strike
0-1: Ball
1-1: Called Strike
1-2: Ball
2-2: Foul Ball, location: 2F
2-2: Strikes out swinging
Bottom of the 8th over - 0 run(s), 0 hit(s), 0 error(s), 1 left on base; Notre Dame 2 - Kansas State 7
TOP OF THE 9TH
Notre Dame Fighting Irish batting - Pitching for Kansas State Wildcats : LHP Sam Foster
Pitching: RHP Bill Chase
Batting: RHB Doug Coleman 0-0: Called Strike
0-1: Ball
1-1: Called Strike
1-2: Foul Ball, location: 2F
1-2: Ball
2-2: Strikes out swinging
Batting: LHB George Smith 0-0: Called Strike
0-1: Ball
1-1: Foul Ball, location: 2F
1-2: Strikes out looking
Batting: RHB Tony Parker 0-0: Foul Ball, location: 2F
0-1: Swinging Strike
0-2: Strikes out looking
Top of the 9th over - 0 run(s), 0 hit(s), 0 error(s), 0 left on base; Notre Dame 2 - Kansas State 7
This league is powered by Out of the Park Baseball, the baseball management simulation game for PC, Mac and Linux
Saturday, April 9th, 2016 - OOTP Baseball 16.8 Build 38